 Dungeon Crawl Stone Soup version 0.22.1-2-g9c5b331 (webtiles) character file.

6456 nightchill the Grappler (level 10, -3/92 HPs)
             Began as a Ghoul Gladiator on Dec 20, 2018.
             Was an Elder of Okawaru.
             Slain by Snorg (5 damage)
             ... on level 10 of the Dungeon.
             The game lasted 00:30:23 (10055 turns).

nightchill the Grappler (Ghoul Gladiator)          Turns: 10055, Time: 00:30:24

Health: -3/92      AC: 12    Str: 19    XL:     10   Next: 99%
Magic:  14/14      EV: 11    Int:  6    God:    Okawaru [****..]
Gold:   582        SH:  9    Dex: 10    Spells: 9/9 levels left

rFire    . . .     SeeInvis +     - Unarmed
rCold    + . .     Gourm    .   k - +0 shield
rNeg     + + +     Faith    .   i - +0 scale mail
rPois    ∞         Spirit   .   b - +0 helmet
rElec    .         Reflect  .   I - +0 cloak
rCorr    .         Harm     .   (no gloves)
MR       +....                  m - +1 pair of boots
Stlth    +.........             C - amulet of regeneration
HPRegen  0.00/turn              D - ring of see invisible
MPRegen  0.14/turn              M - ring of protection from magic

@: heroism, rotting
A: rotting body, claws 1, carnivore, cold resistance 1, negative energy
resistance 3, inhibited regeneration, torment resistance, unbreathing
a: Heroism, Renounce Religion


You were on level 10 of the Dungeon.
You worshipped Okawaru.
Okawaru was greatly pleased with you.
You were not hungry.

You visited 2 branches of the dungeon, and saw 11 of its levels.

You collected 582 gold pieces.

Inventory:

Missiles
 c - 4 throwing nets
 e - 277 stones
 g - 41 poisoned needles
 p - 14 tomahawks (quivered)
Armour
 b - a +0 helmet (worn)
 i - a +0 scale mail (worn)
 k - a +0 shield (worn)
 m - a +1 pair of boots (worn)
 I - a +0 cloak (worn)
Jewellery
 r - an uncursed ring of resist corrosion
 B - an uncursed ring of wizardry
 C - an amulet of regeneration (around neck)
 D - a ring of see invisible (left claw)
 L - an uncursed amulet of magic regeneration {unknown}
 M - a ring of protection from magic (right claw)
Wands
 f - a wand of random effects (58)
 j - a wand of iceblast (3)
 x - a wand of polymorph (8)
 A - a wand of digging (14)
Scrolls
 o - 4 scrolls of remove curse
 s - 5 scrolls of immolation
 y - a scroll of fog
 F - 2 scrolls of teleportation
 G - 2 scrolls of blinking
Potions
 h - 3 potions of heal wounds
 l - 5 potions of flight
 n - 2 potions of berserk rage
 q - a potion of invisibility
 t - a potion of lignification {unknown}
 u - 2 potions of might
 v - 4 potions of curing
 w - 2 potions of brilliance {unknown}
 z - a potion of mutation {unknown}
 E - 3 potions of magic
 H - 2 potions of resistance
 J - a potion of degeneration {unknown}
Comestibles
 d - 28 rations
 K - 3 chunks of flesh


   Skills:
 + Level 9.7(14.7) Fighting
 - Level 1.7(6.7) Throwing
 - Level 2.6(7.6) Dodging
 * Level 13.3(18.3) Unarmed Combat
 + Level 6.8 Invocations


You had 9 spell levels left.
You didn't know any spells.
Your spell library was empty.

Dungeon Overview and Level Annotations

Branches:
Dungeon (10/15)            Temple (1/1) D:6            Lair (0/6) D:9
    Orc (0/2) D:9

Altars:
Ashenzari
Dithmenos
Elyvilon
Makhleb
Nemelex Xobeh
Okawaru
Ru
Sif Muna
Trog
Wu Jian

Shops:
D:6 =   D:8 *

Annotations:
D:5 1 runed door, exclusion: door
D:6 exclusion: downstairs
D:8 1 runed door
D:9 exclusion: downstairs
D:10 Snorg


Innate Abilities, Weirdness & Mutations

Your body is rotting away.
You thrive on raw meat.
You are immune to poison.
You have sharp fingernails.
You are carnivorous and can eat meat at any time.
Your flesh is cold resistant. (rC+)
You are immune to negative energy. (rN+++)
You do not regenerate when monsters are visible.
You are immune to unholy pain and torment.
You can survive without breathing.


Message History

You closely miss Snorg.
Snorg is heavily wounded.
Snorg goes berserk!
You barely miss Snorg.
Snorg is heavily wounded.
Snorg bites you but does no damage. Snorg claws you! You block Snorg's attack.
You closely miss Snorg.
Snorg is heavily wounded.
Snorg closely misses you. Snorg claws you!! You block Snorg's attack.
Snorg bites you!
* * * LOW HITPOINT WARNING * * *
Snorg claws you!
* * * LOW HITPOINT WARNING * * *
You block Snorg's attack.
Your shield and scale mail prevent you from hitting Snorg.
Snorg is heavily wounded.
Snorg bites you!
* * * LOW HITPOINT WARNING * * *
Snorg claws you.
You die...

........ ....... ## #####
##'##'#####+#
####.##...###............
............'............
............#............
............#............
............#............
............#...@T.......
.##..##..####............
###..##..#.....########..
.........'.....#
.........#.....#
.........#.....#
.##...##.#.....
.##...##.###...
......#... #...


You could see Snorg (berserk).

Vanquished Creatures
  Erica (D:9)
  A komodo dragon (D:9)
  A hippogriff (D:8)
  Sigmund (D:6)
  2 wyverns (D:8)
  4 yaks (D:10)
  A human (D:9)
  A hungry ghost (D:9)
  4 hogs (D:9)
  Grum (D:9)
  3 sky beasts
  An orc warrior (D:7)
  An ice beast (D:7)
  2 ogres
  A necrophage (D:9)
  4 centaurs
  3 wolves (D:9)
  3 bullfrogs
  Blork the orc (D:5)
  2 scorpions
  A water moccasin skeleton (D:8)
  6 killer bees (D:9)
  A howler monkey (D:8)
  4 crimson imps
  A bullfrog zombie (D:5)
  A centaur skeleton (D:5)
  A jelly (D:5)
  8 orc priests
  7 hounds
  A gnoll shaman (D:7)
  A bullfrog skeleton (D:10)
  Ijyb (D:5)
  3 iguanas
  2 orc wizards
  6 worker ants
  A killer bee zombie (D:7)
  2 hound skeletons (D:4)
  11 gnolls
  A howler monkey skeleton (D:6)
  9 adders
  A shadow imp (D:6)
  3 oozes
  An adder skeleton (D:4)
  2 adder zombies
  4 worms
  2 dart slugs (D:2)
  7 leopard geckos
  37 orcs
  4 ball pythons
  5 giant cockroaches
  A goblin (D:1)
  8 hobgoblins
  2 jackals (D:4)
  3 quokkas
  6 bats
  6 frilled lizards
  4 kobolds
  A quokka zombie (D:5)
  5 rats
208 creatures vanquished.

Vanquished Creatures (others)
  A plant (D:9)
1 creature vanquished.

Grand Total: 209 creatures vanquished

Notes
Turn   | Place    | Note
-------+----------+-------------------------------------------
     0 | D:1      | nightchill the Ghoul Gladiator began the quest for the Orb.
     0 | D:1      | Reached XP level 1. HP: 17/17 MP: 0/0
   367 | D:1      | Reached XP level 2. HP: 21/23 MP: 1/1
   438 | D:1      | Reached skill level 4 in Unarmed Combat
   616 | D:1      | Reached XP level 3. HP: 30/30 MP: 2/2
  1371 | D:2      | Reached XP level 4. HP: 38/38 MP: 3/3
  1533 | D:2      | Reached skill level 5 in Unarmed Combat
  2041 | D:3      | Found a bloodstained altar of Trog.
  2176 | D:3      | Found a shattered altar of Ashenzari.
  2378 | D:3      | Reached XP level 5. HP: 45/45 MP: 4/4
  3305 | D:4      | Reached skill level 6 in Unarmed Combat
  3507 | D:4      | Reached XP level 6. HP: 52/52 MP: 5/5
  4291 | D:5      | Entered Level 5 of the Dungeon
  4380 | D:5      | Found a runed door.
  4594 | D:5      | Noticed Blork the orc
  4612 | D:5      | Killed Blork the orc
  4642 | D:5      | Reached skill level 7 in Unarmed Combat
  4683 | D:5      | Reached XP level 7. HP: 38/60 MP: 6/6
  4689 | D:5      | Reached skill level 5 in Fighting
  5200 | D:5      | Noticed Ijyb
  5214 | D:5      | Killed Ijyb
  5449 | D:5      | Reached skill level 8 in Unarmed Combat
  5878 | D:6      | Reached XP level 8. HP: 66/70 MP: 7/7
  6005 | D:6      | Reached skill level 9 in Unarmed Combat
  6006 | D:6      | Found Orpheis's Jewellery Shoppe.
  6025 | D:6      | Noticed Sigmund
  6043 | D:6      | Killed Sigmund
  6300 | D:6      | Found a staircase to the Ecumenical Temple.
  6306 | Temple   | Entered the Ecumenical Temple
  6336 | Temple   | Became a worshipper of Warmaster Okawaru
  7133 | D:7      | Reached skill level 10 in Unarmed Combat
  7133 | D:7      | Reached skill level 1 in Invocations
  7426 | D:7      | Reached XP level 9. HP: 62/76 MP: 9/9
  7588 | D:8      | Reached * piety under Okawaru
  7667 | D:8      | Found Meonluwk's General Store.
  7837 | D:8      | Reached skill level 11 in Unarmed Combat
  8083 | D:8      | Reached ** piety under Okawaru
  8099 | D:8      | Found a runed door.
  8099 | D:8      | Noticed a sixfirhy
  8519 | D:9      | Noticed Erica
  8548 | D:9      | Killed Erica
  8548 | D:9      | Reached skill level 12 in Unarmed Combat
  8548 | D:9      | Reached skill level 5 in Invocations
  8548 | D:9      | Reached XP level 10. HP: 67/90 MP: 10/12
  8793 | D:9      | Reached *** piety under Okawaru
  8897 | D:9      | Got a smoking platinum amulet
  8918 | D:9      | Identified the amulet of Propriety {Faith rElec MR+} (You
                  | took it off an orc on level 9 of the Dungeon)
  8967 | D:9      | Noticed Grum
  8975 | D:9      | Killed Grum
  9173 | D:9      | Found a staircase to the Lair.
  9294 | D:9      | Reached skill level 13 in Unarmed Combat
  9335 | D:9      | Found a staircase to the Orcish Mines.
  9581 | D:10     | Entered Level 10 of the Dungeon
  9581 | D:10     | Noticed Snorg
  9636 | D:10     | Found an ornate altar of the Wu Jian Council.
  9944 | D:10     | Reached **** piety under Okawaru
 10055 | D:10     | HP: 2/92 [Snorg (14)]
 10055 | D:10     | Slain by Snorg

Skill      XL: |  1  2  3  4  5  6  7  8  9 10 |
---------------+-------------------------------+-----
Unarmed Combat | 4 5 6 7 8 10 12 13 | 13.3
Fighting       | 3 4 5 7 8 9 |  9.7
Invocations    | 2 5 6 |  6.8
Throwing       | |  1.7
Dodging        | |  2.6

Action                   |  1- 3 |  4- 6 |  7- 9 | 10-12 || total
-------------------------+-------+-------+-------+-------++-------
Melee: Unarmed           |    68 |   255 |   317 |   188 ||   828
Throw: Throwing net      |       |     2 |       |       ||     2
       Tomahawk          |       |       |       |     1 ||     1
Invok: Heroism           |       |       |     1 |     6 ||     7
Evoke: Wand              |       |       |     2 |     4 ||     6
  Use: Scroll            |       |    10 |     4 |     5 ||    19
       Potion            |       |     3 |     3 |       ||     6
 Stab: Held in net/web   |       |     1 |       |       ||     1
       Invisible         |       |     3 |     2 |       ||     5
  Eat: Chunk             |     5 |    19 |    47 |    31 ||   102
Armor: Scale mail        |    25 |   102 |   108 |    52 ||   287
       Leather armour    |     1 |       |       |       ||     1
Dodge: Dodged            |    22 |    77 |    75 |    52 ||   226
Block: Shield            |    22 |    72 |    95 |    81 ||   270
